 Dungeon Crawl Stone Soup version 0.18-a0-822-gb52b7b4 (webtiles) character file.

18 Raultor the Cudgeler (level 2, -1/23 HPs)
             Began as a Demonspawn Gladiator on Dec 16, 2015.
             Slain by an adder (3 damage)
             ... on level 2 of the Dungeon.
             The game lasted 00:01:56 (713 turns).

Raultor the Cudgeler (Demonspawn Gladiator)          Turns: 713, Time: 00:01:56

Health: -1/23      AC: 10    Str: 20 (22) XL:     2   Next: 51%
Magic:  2/2        EV: 11    Int:  9      God:
Gold:   55         SH:  0    Dex: 10      Spells: 0 memorised, 1 level left

rFire  . . .     SeeInvis .     a - +0 flail
rCold  . . .     Gourm    .     m - +0 ring mail
rNeg   . . .     Faith    .     (no shield)
rPois  .         Spirit   .     c - +0 helmet
rElec  .         Dismiss  .     (no cloak)
rCorr  .         Reflect  .     (no gloves)
SustAt .         Harm     .     (no boots)
MR     .....                    (no amulet)
Stlth  ..........               (no ring)
                                (no ring)

@: mighty, lethally poisoned (-1 -> -12), not resistant to hostile enchantments,
extremely unstealthy
A: hooves 1, rough black scales 1, clumsy 1, strong 1
a: no special abilities


You were on level 2 of the Dungeon.
You were not hungry.

You visited 1 branch of the dungeon, and saw 2 of its levels.

You collected 55 gold pieces.

Inventory:

Hand Weapons
 a - a +0 flail (weapon)
Missiles
 d - 3 throwing nets {=f, !d}
Armour
 c - a +0 helmet (worn)
 m - a +0 ring mail (worn)
   (You found it on level 1 of the Dungeon)
Scrolls
 g - a scroll of remove curse {unknown}
 h - 2 scrolls of identify {unknown}
 i - a scroll of enchant weapon {unknown}
Comestibles
 b - a chunk of flesh {@w0}
 f - a bread ration {@e1}
 j - 2 beef jerkies
 k - a royal jelly


   Skills:
 + Level 2.4 Fighting
 * Level 3.1 Maces & Flails
 - Level 1.7 Throwing
 + Level 0.3 Armour
 - Level 2.6 Dodging


You had one spell level left.
You didn't know any spells.

Dungeon Overview and Level Annotations

Branches:
Dungeon (2/15)

Altars:
Yredelemnul


Innate Abilities, Weirdness & Mutations

You are partially covered in rough black scales (AC +4, Dex -1).
You have large cloven feet.
You are clumsy. (Dex -2)
Your muscles are strong. (Str +2)


Message History

You barely miss the hobgoblin. The hobgoblin barely misses you.
You barely miss the hobgoblin. The hobgoblin closely misses you.
You closely miss the hobgoblin. The hobgoblin barely misses you.
You barely miss the hobgoblin.
The hobgoblin hits you but does no damage.
You hit the hobgoblin.
You kill the hobgoblin!
No target in view!
i - a scroll labeled GYDUHAIPHEKK
j - 2 beef jerkies (gained 1)
A hobgoblin comes into view.
The hobgoblin shouts!
Health restored: 23
Found a basalt altar of Yredelemnul.
You hit the hobgoblin.
You kill the hobgoblin!
No target in view!
A bat comes into view.
You barely miss the bat. The bat closely misses you.
The bat closely misses you.
You closely miss the bat. The bat barely misses you.
The bat hits you but does no damage.
You sock the bat!
You kill the bat!
No target in view!
No target in view!
You see here a bat corpse.
n - a purple potion You see here a bat corpse.
You now have 55 gold pieces (gained 15).
An adder comes into view.
An adder is nearby!
You miss the adder. The adder bites you but does no damage.
You miss the adder. The adder barely misses you. The adder bites you.
You take 3 damage, and have 20/23 hp.
You completely miss the adder. The adder bites you but does no damage.
You miss the adder. The adder barely misses you.
The adder bites you but does no damage.
You hit the adder. The adder barely misses you.
The adder bites you but does no damage.
You closely miss the adder. The adder closely misses you.
You closely miss the adder. The adder closely misses you. The adder bites you.
You are poisoned.
The adder poisons you!
You take 1 damage, and have 20/23 hp.
You miss the adder.
You feel sick. The adder bites you but does no damage.
You take 1 damage, and have 19/23 hp.
You barely miss the adder.
You feel sick. The adder barely misses you. The adder barely misses you.
You take 1 damage, and have 18/23 hp.
You miss the adder. The adder barely misses you.
You closely miss the adder.
You feel sick.
The adder bites you but does no damage. x2
You take 1 damage, and have 17/23 hp.
You closely miss the adder. The adder closely misses you.
The adder bites you but does no damage.
You barely miss the adder.
You feel sick. The adder bites you but does no damage.
You take 1 damage, and have 16/23 hp.
You closely miss the adder. The adder barely misses you.
The adder barely misses you.
You hit the adder but do no damage. The adder misses you. The adder bites you.
You take 4 damage, and have 12/23 hp.
You closely miss the adder.
You feel sick. The adder barely misses you.
You take 1 damage, and have 11/23 hp.
You barely miss the adder. The adder closely misses you. The adder bites you.
You are lethally poisoned!
The adder poisons you!
You take 2 damage, and have 9/23 hp.
You closely miss the adder.
You feel sick. The adder bites you.
* * * LOW HITPOINT WARNING * * *
You are more poisoned.
The adder poisons you!
You take 3 damage, and have 6/23 hp.
You barely miss the adder.
* * * LOW HITPOINT WARNING * * *
You feel sick. The adder closely misses you.
The adder bites you but does no damage.
You take 1 damage, and have 5/23 hp.
Drink which item? (? for menu, Esc to quit)
It was a potion of degeneration.
There was something very wrong with that liquid.
You feel weakened.
* * * LOW HITPOINT WARNING * * *
You feel sick. The adder closely misses you.
You take 1 damage, and have 4/23 hp.
Drink which item? (? for menu, Esc to quit)
It was a potion of mutation.
You feel extremely strange.
You feel stronger.
You feel clumsy.
Your feet thicken and deform.
* * * LOW HITPOINT WARNING * * *
You feel sick. The adder closely misses you. The adder closely misses you.
You take 1 damage, and have 3/23 hp.
Drink which item? (? for menu, Esc to quit)
It was a potion of might.
You feel very mighty all of a sudden.
* * * LOW HITPOINT WARNING * * *
You feel sick. The adder bites you.
You die...

#..(..........##..#..#
##.##...#..........#..#
#....#.#####..P.P.....
#..###.#####..._....
.....#....(#..P.P...
....?...............
...................
...[...@....####...
......S.....# ...
............(.. ..
................
...............#
................
####.####....... ..
...?..


You could see an adder.

Vanquished Creatures
  A giant gecko (D:1)
  4 hobgoblins
  A quokka (D:2)
  3 bats
  2 giant cockroaches (D:1)
  A goblin (D:1)
  6 rats (D:1)
18 creatures vanquished.

Notes
Turn   | Place    | Note
--------------------------------------------------------------
     0 | D:1      | Raultor the Demonspawn Gladiator began the quest for the Orb.
     0 | D:1      | Reached XP level 1. HP: 16/16 MP: 1/1
   239 | D:1      | Reached skill level 3 in Maces & Flails
   336 | D:1      | Gained mutation: You are partially covered in rough black scales (AC +4, Dex -1). [demonic ancestry]
   336 | D:1      | Reached XP level 2. HP: 22/22 MP: 2/2
   666 | D:2      | Found a basalt altar of Yredelemnul.
   710 | D:2      | HP: 5/23 [poisoned by an adder]
   712 | D:2      | Gained mutation: Your muscles are strong. (Str +2) [potion of mutation]
   712 | D:2      | Gained mutation: You are clumsy. (Dex -2) [potion of mutation]
   712 | D:2      | Gained mutation: You have large cloven feet. [potion of mutation]
   713 | D:2      | HP: 2/23 [poisoned by an adder]
   713 | D:2      | Slain by an adder

Vault maps used:
D:1:      dpeg_arrival_rhombus, minmay_tree_intersection,
          corexii_hall_statues_i, minmay_hedge_maze
D:2:      old_standard_altar, yredelemnul_altar_generic

Action                   || total
-------------------------++-------
Melee: Flail             ||    71
  Use: Potion            ||     3

Vault maps used:
D:1:      dpeg_arrival_rhombus, minmay_tree_intersection,
          corexii_hall_statues_i, minmay_hedge_maze
D:2:      old_standard_altar, yredelemnul_altar_generic

Table legend:
 A = Turns spent in this place as a percentage of turns spent in the entire game.
 B = Non-inter-level travel turns spent in this place as a percentage of non-inter-level travel turns spent in the entire game.
 C = Inter-level travel turns spent in this place as a percentage of turns spent in this place.
 D = Turns resting spent in this place as a percentage of non-inter-level travel turns spent in this place.
 E = Turns spent auto-exploring this place as a percentage of non-inter-level travel turns spent in this place.
 F = Non-inter-level travel turns spent in this place divided by the number of levels of this place that you've seen.
                   A       B       C       D       E      F
               +-------+-------+-------+-------+-------+----------------------
         Total | 100.0 | 100.0 |   0.5 |   1.0 |  15.8 |  98.0
       Dungeon | 100.0 | 100.0 |   0.5 |   1.0 |  15.8 |  98.0
               +-------+-------+-------+-------+-------+----------------------

Table legend:
 A = Kills in this place as a percentage of kills in entire the game.
 B = Kills by you in this place as a percentage of kills by you in the entire game.
 C = Kills by friends in this place as a percentage of kills by friends in the entire game.
 D = Other kills in this place as a percentage of other kills in the entire game.
 E = Experience gained in this place as a percentage of experience gained in the entire game.
 F = Experience gained in this place divided by the number of levels of this place that you have seen.
                   A       B       C       D       E      F
               +-------+-------+-------+-------+-------+----------------------
         Total | 100.0 | 100.0 |  -nan |  -nan | 100.0 |  13.5
       Dungeon | 100.0 | 100.0 |  -nan |  -nan | 100.0 |  13.5
               +-------+-------+-------+-------+-------+----------------------
